 Dungeon Crawl Stone Soup version 0.31-a0-121-g1e386dd289 (webtiles) character file.

Game seed: 15579174454185093781

105721 mopl the Jinx (level 15, -10/90 HPs)
             Began as a Deep Elf Enchanter on May 31, 2023.
             Was the Champion of Dithmenos.
             Mangled by a harpy (13 damage)
             ... on level 1 of the Shoals.
             The game lasted 01:29:00 (25802 turns).

mopl the Jinx (Deep Elf Enchanter)                 Turns: 25802, Time: 01:29:01

Health: -10/90     AC: 10    Str:  5    XL:     15   Next: 95%
Magic:  26/35      EV: 20    Int: 26    God:    Dithmenos [******]
Gold:   2223       SH: 11    Dex: 17    Spells: 23/42 levels left

rFire   + . .        a - +2 dagger (venom)
rCold   + . .        K - +2 kite shield
rNeg    + . .        x - +2 robe {rN+}
rPois   .            e - +2 helmet
rElec   +            z - +0 cloak
rCorr   .            j - +0 pair of gloves
SInv    .            h - +0 pair of boots
Will    +....        J - amulet of regeneration Stlth ***+++++++
                     R - ring "Woug" {Fly rElec rF+ rC+ Stlth+}
HPRegen 1.15/turn    E - +5 ring of evasion
MPRegen 0.24/turn

%: no passive effects
@: flying, mesmerised, wreathed by umbra, studying Ice Magic
A: no striking features
a: Renounce Religion, Shadow Step, Shadow Form


You were on level 1 of the Shoals.
You worshipped Dithmenos.
Dithmenos was exalted by your worship.
You visited 5 branches of the dungeon, and saw 24 of its levels.
You also visited: Bailey, Gauntlet and Ice Cave.

You collected 3454 gold pieces.
You spent 1231 gold pieces at shops.

Inventory:

Hand Weapons
 a - a +2 dagger of venom (weapon)
 b - a +2 scimitar of flaming
Missiles
 f - 9 javelins
 g - 37 poisoned darts
 p - 13 throwing nets
 t - 19 boomerangs
 P - 10 atropa-tipped darts
Armour
 e - a +2 helmet (worn)
 h - a +0 pair of boots (worn)
 j - a +0 pair of gloves (worn)
 x - a +2 robe of positive energy (worn)
 z - a +0 cloak (worn)
 K - a +2 kite shield (worn)
Jewellery
 d - a ring of see invisible
 E - a +5 ring of evasion (right hand)
 J - an amulet of regeneration (around neck)
 R - the ring "Woug" (left hand) {Fly rElec rF+ rC+ Stlth+}
   (You bought it in a shop on level 1 of the Dungeon)

   [ring of protection from cold]

   rF:        It protects you from fire.
   rC:        It protects you from cold.
   rElec:     It insulates you from electricity.
   Fly:       It grants you flight.
   Stlth:     It makes you more stealthy.
 S - a ring of willpower
 V - a ring of poison resistance
Wands
 i - a wand of roots (7)
 o - a wand of paralysis (31)
 G - a wand of polymorph (19)
 Q - a wand of flame (20)
 Y - a wand of mindburst (9)
Scrolls
 l - 2 scrolls of butterflies
 n - 2 scrolls of fear
 q - 4 scrolls of blinking {unknown}
 r - 9 scrolls of teleportation {unknown}
 s - 5 scrolls of enchant weapon {unknown}
 u - 3 scrolls of amnesia {unknown}
 A - 3 scrolls of silence {!r}
 B - 5 scrolls of magic mapping
 L - 4 scrolls of fog {unknown}
 M - 3 scrolls of poison
 T - 4 scrolls of brand weapon {unknown}
Potions
 c - 2 potions of invisibility
 m - 6 potions of cancellation
 v - 3 potions of might
 C - a potion of resistance
 D - 3 potions of brilliance
 F - a potion of enlightenment
 H - 7 potions of heal wounds
 I - 2 potions of haste
 N - a potion of ambrosia
 O - 3 potions of curing
 U - 4 potions of lignification {!q}
 W - a potion of berserk rage {!q}
Miscellaneous
 y - a lightning rod (4/4)
 Z - a phial of floods


   Skills:
 + Level 9.2 Fighting
 + Level 10.9 Short Blades
 + Level 7.0 Throwing
 + Level 11.2 Dodging
 + Level 14.1 Stealth
 + Level 2.3 Shields
 - Level 14.0 Spellcasting
 + Level 14.3 Hexes
 + Level 8.9 Necromancy
 - Level 5.0 Transmutations
 - Level 5.0 Earth Magic
 + Level 4.4 Invocations
 + Level 7.6 Evocations


You had 23 spell levels left.
You knew the following spells:

 Your Spells              Type           Power      Damage    Failure   Level
b - Ensorcelled Hibernat  Hex/Ice        100%       N/A       2%          2
c - Confusing Touch       Hex            75%        N/A       1%          3
d - Tukima's Dance        Hex            75%        N/A       1%          3
f - Dazzling Flash        Conj/Hex       100%       N/A       5%          3
p - Passwall              Tmut/Erth      36%        N/A       6%          2
w - Sublimation of Blood  Necr           59%        N/A       1%          2
D - Dispel Undead         Necr           59%        3d21      9%          4

Your spell library contained the following spells:

 Spells                   Type           Power      Damage    Failure   Level
 Necrotise                Necr           100%       1d9       1%          1
 Vampiric Draining        Necr           59%        2d10      2%          3
 Sandblast                Erth           88%        2d18      4%          1
 Summon Guardian Golem    Hex/Summ       53%        N/A       5%          3
 Wereblood                Tmut           44%        N/A       6%          2
 Cigotuvi's Dreadful Rot  Necr/Pois/Air  66%        N/A       14%         2
 Agony                    Necr           59%        N/A       22%         5
 Stone Arrow              Conj/Erth      62%        3d10      34%         3
 Lesser Beckoning         Tloc           36%        N/A       43%         2
 Poisonous Vapours        Pois/Air       36%        N/A       43%         2
 Static Discharge         Conj/Air       36%        2-4/arc   43%         2
 Silence                  Hex/Air        26%        N/A       43%         5
 Summon Mana Viper        Hex/Summ       53%        N/A       43%         5
 Ignite Poison            Fire/Tmut/Pois 26%        N/A       45%         3
 Gell's Gravitas          Tloc           18%        N/A       67%         3
 Mephitic Cloud           Conj/Pois/Air  18%        N/A       67%         3
 Teleport Other           Tloc           18%        N/A       67%         3
 Death Channel            Necr           29%        N/A       77%         6
 Airstrike                Air            9%         2d(2-18)  97%         4
 Passage of Golubria      Tloc           18%        N/A       97%         4
 Summon Ice Beast         Ice/Summ       18%        N/A       97%         4
 Summon Lightning Spire   Summ/Air       18%        N/A       97%         4
 Discord                  Hex            37%        N/A       99%         8
 Freezing Cloud           Conj/Ice/Air   9%         6-21      100%        5
 Summon Forest            Summ/Tloc      9%         N/A       100%        5
 Conjure Ball Lightning   Conj/Air       9%         3x3d6     100%        6
 Summon Cactus Giant      Summ           9%         N/A       100%        6
 Monstrous Menagerie      Summ           9%         N/A       100%        7
 Orb of Destruction       Conj           9%         9d6       100%        7
 Spellforged Servitor     Conj/Summ      9%         N/A       100%        7
 Summon Hydra             Summ           9%         N/A       100%        7
 Disjunction              Tloc           9%         N/A       100%        8
 Lehudib's Crystal Spear  Conj/Erth      15%        10d5      100%        8
 Chain Lightning          Conj/Air       9%         3d12      100%        9
 Fire Storm               Conj/Fire      9%         8d2       100%        9
 Shatter                  Erth           22%        3d19*     100%        9


Dungeon Overview and Level Annotations

Branches:
Dungeon (15/15)            Temple (1/1) D:7            Lair (5/5) D:11
 Shoals (1/4) Lair:3        Snake (0/4) Lair:3        Slime (0/5) Lair:5
    Orc (2/2) D:10            Elf (0/3) Orc:2        Vaults (0/5) D:13
 Depths (0/4) D:15         Bailey (visited)           IceCv (visited)
Gauntlet (visited)

Altars:
Ashenzari
Cheibriados
Dithmenos
Elyvilon
Fedhas
Gozag
Hepliaklqana
Kikubaaqudgha
Makhleb
Nemelex Xobeh
Okawaru
Qazlal
Ru
Sif Muna
Trog
Uskayaw
Vehumet
Wu Jian
Xom
Yredelemnul
Zin
The Shining One
Jiyva

Shops:
D:1 =   D:10 !   D:14 =   Orc:2 :=*![

Annotations:
D:5 3 runed translucent doors, kaesh's ghost, amateur HOBe
D:13 exclusion: 2 ogres, Lodul
D:15 2 runed translucent doors, Kaepny's ghost, journeyman SpBr
Lair:2 3 runed translucent doors, Shym's ghost, journeyman DjCj


Message History

Casting: Dazzling Flash (mildly dangerous; 5% risk of failure)
Confirm with . or Enter, or press ? or * to list all spells.
Aiming: Passwall (safe; 6% risk of failure)
Press: ? - help, Dir - move target A rock wall.
This square is wreathed by an umbra.
The harpy closely misses you. You block the harpy's attack.
The harpy misses you. The harpy completely misses you. The harpy claws you!
The harpy closely misses you. You block the harpy's attack.
The harpy completely misses you. The harpy claws you!
The harpy completely misses you. The harpy claws you.
* * * LOW HITPOINT WARNING * * *
The harpy claws you.
* * * LOW HITPOINT WARNING * * *
You begin to meditate on the wall.
You continue meditating on the rock.
You block the harpy's attack. The harpy claws you but does no damage.
The harpy claws you!
* * * LOW HITPOINT WARNING * * *
The harpy misses you. The harpy closely misses you. x3
The harpy barely misses you. The harpy completely misses you.
You block the harpy's attack. x2; The harpy claws you.
* * * LOW HITPOINT WARNING * * *
You emit a cloud of dark smoke.
The merfolk avatar chants its luring song.
The harpy screeches!
Your magical contamination has completely faded away.
You continue meditating on the rock.
The merfolk avatar is no longer blind.
The harpy closely misses you. The harpy claws you.
* * * LOW HITPOINT WARNING * * *
The harpy misses you. The harpy barely misses you. The harpy claws you.
* * * LOW HITPOINT WARNING * * *
You block the harpy's attack. The harpy closely misses you.
The harpy completely misses you. You block the harpy's attack.
The harpy misses you.
The merfolk avatar chants its luring song.
The harpy screeches!
You continue meditating on the rock.
The harpy claws you!
You die...

≈≈≈≈≈≈≈≈≈≈≈≈≈≈≈≈≈~~~~~~
≈≈≈≈≈≈~~...~~~≈≈≈~~..~~~
≈≈≈≈≈~~....~~~~~≈≈~..~~~
~≈≈≈≈~~.###..~~~≈≈≈~.~~~
~≈≈≈≈~~.# #..~~~~~H~≈≈≈≈
~≈≈≈~~~.####.H~~~..~≈~~~
≈≈≈~~~~..# ##.§HH≈≈≈≈≈~~
≈≈≈~~~~~.## ##§H§m§≈....
~~~~~~~~~.# ##H@§§(.... #
~~~~~~~~~.## ###H§..... .##
~~~.....~≈≈## #§..### ....
~~~.#..~~≈≈≈############..~~~
~~~....~~≈≈~..#.....##)..~~~~
~~~~~.~~~~.............~~~~~~
~~~~~~~~~.......~~..~~~~~~~~
~~~~~~†~~~~~~~~~≈~~~~~~~~~~~
~~~~~~~~~≈≈≈≈≈≈~~~~~~~~~~~~≈


You could see a merfolk avatar (mesmerising, very poisoned) and 6 harpies.

Vanquished Creatures
  A reaper (IceCv)
  A minotaur (Gauntlet)
  2 ettins
  An entropy weaver (Gauntlet)
  A great orb of eyes (Gauntlet)
  Harold (D:9)
  A hydra (Lair:5)
  8 vault guards
  An ogre mage (D:15)
  2 catoblepae
  18 death yaks
  A deep troll shaman (Lair:5)
  2 boulder beetles
  10 two-headed ogres
  4 centaur warriors
  A tengu warrior (D:15)
  3 orc high priests (Orc:2)
  A sixfirhy (Gauntlet)
  A skeletal warrior (D:10)
  A sea snake (Shoals:1)
  2 deep trolls (D:15)
  A wizard (D:14)
  6 orc knights
  7 orc sorcerers
  A harpy (Shoals:1)
  A lindwurm (Lair:5)
  A wolf spider (Gauntlet)
  A faun (Shoals:1)
  21 ugly things
  Pikel (D:5)
  6 manticores
  An oklob plant (Lair:5)
  5 cyclopes
  A black mamba (shapeshifter) (D:15)
  2 centaur zombies (D:9)
  An eye of devastation (Gauntlet)
  Maurice (D:9)
  4 elephants (Lair:5)
  3 black mambas
  A gargoyle (D:13)
  3 centaur skeletons (D:9)
  3 torpor snails (Lair:5)
  2 kobold demonologists
  4 rime drakes
  Psyche (D:8)
  10 cane toads
  8 komodo dragons
  2 freezing wraiths
  An efreet (D:12)
  6 ice devils (IceCv)
  A tengu conjurer (D:15)
  3 meliai (D:14)
  11 trolls
  2 hellwings (D:9)
  2 polar bears
  2 hornets
  8 blink frogs
  18 slime creatures
  A spriggan (Lair:1)
  2 shadows
  A jumping spider (Gauntlet)
  5 wraiths
  A wyvern (D:11)
  34 yaks
  6 basilisks
  A death yak simulacrum (IceCv)
  A redback (Gauntlet)
  Grum (Bailey)
  6 vampire mosquitoes
  A harpy simulacrum (IceCv)
  3 wargs
  2 acid dragons
  18 water moccasins
  A hydra simulacrum (IceCv)
  28 orc warriors
  5 black bears
  A swamp drake (D:10)
  3 ice beasts
  A sky beast (D:7)
  17 centaurs
  25 wolves
  4 ogres
  A phantom (D:5)
  3 kobold brigands
  12 bullfrogs
  4 scorpions
  7 gnoll sergeants
  A two-headed ogre simulacrum (IceCv)
  A cane toad simulacrum (IceCv)
  9 wights
  An elephant simulacrum (IceCv)
  15 killer bees
  4 howler monkeys
  2 electric eels (Lair:3)
  5 gnoll boudas (Bailey)
  4 hounds
  4 jellies
  2 sleepcaps
  25 orc priests
  Jessica (D:2)
  An iguana (D:5)
  26 orc wizards
  Natasha (thrice) (D:2)
  7 hell rats (Lair:5)
  2 troll simulacra (IceCv)
  A boggart skeleton (D:9)
  2 spriggan simulacra (IceCv)
  2 polar bear simulacra (IceCv)
  Robin (D:4)
  17 gnolls
  3 naga simulacra (IceCv)
  7 adders
  3 shadow imps (D:9)
  3 white imps
  6 ufetubi
  2 dart slugs
  69 orcs
  8 endoplasms
  2 giant cockroaches (D:1)
  17 goblins
  9 hobgoblins
  19 jackals
  A quokka (D:3)
  3 ball pythons
  7 bats
  5 frilled lizards
  18 kobolds
  7 rats
735 creatures vanquished.

Vanquished Creatures (collateral kills)
  Sigmund (D:3)
  A gnoll sergeant (Bailey)
  4 wights (D:6)
  A gnoll bouda (Bailey)
  3 gnolls (Bailey)
10 creatures vanquished.

Vanquished Creatures (others)
  6 dancing weapons
  3 centaurs (D:15)
  An orc priest (Orc:2)
  3 ufetubi (IceCv)
13 creatures vanquished.

Grand Total: 758 creatures vanquished

Notes
Turn   | Place    | Note
-------+----------+-------------------------------------------
     0 | D:1      | mopl the Deep Elf Enchanter began the quest for the Orb.
     0 | D:1      | Reached XP level 1. HP: 10/10 MP: 6/6
   133 | D:1      | Reached XP level 2. HP: 16/16 MP: 8/8
   136 | D:1      | Learned a level 2 spell: Ensorcelled Hibernation
   200 | D:1      | Found Neobaod's Jewellery Emporium.
   426 | D:1      | Reached skill level 4 in Stealth
   816 | D:2      | Noticed Jessica
   823 | D:2      | Killed Jessica
   824 | D:2      | Reached skill level 1 in Fighting
   824 | D:2      | Reached XP level 3. HP: 20/20 MP: 7/10
   831 | D:2      | Learned a level 3 spell: Confusing Touch
   835 | D:2      | Learned a level 3 spell: Tukima's Dance
   949 | D:2      | Noticed Natasha
   953 | D:2      | Killed Natasha
   954 | D:2      | Reached skill level 2 in Short Blades
   954 | D:2      | Reached XP level 4. HP: 22/25 MP: 4/11
  1167 | D:2      | Noticed Natasha
  1204 | D:2      | Killed Natasha
  1205 | D:2      | Reached skill level 4 in Spellcasting
  1297 | D:2      | Noticed Natasha
  1304 | D:2      | Killed Natasha
  1305 | D:2      | Reached XP level 5. HP: 25/29 MP: 8/13
  1620 | D:3      | Learned a level 3 spell: Dazzling Flash
  1643 | D:3      | Found a burning altar of Makhleb.
  1658 | D:3      | Reached skill level 5 in Hexes
  1935 | D:3      | Reached skill level 5 in Stealth
  2157 | D:3      | Noticed Sigmund
  2166 | D:3      | Killed Sigmund
  2167 | D:3      | Reached skill level 2 in Fighting
  2167 | D:3      | Reached skill level 3 in Short Blades
  2167 | D:3      | Reached XP level 6. HP: 35/35 MP: 11/15
  2495 | D:4      | Noticed Robin
  2535 | D:4      | Killed Robin
  2781 | D:4      | Reached skill level 5 in Spellcasting
  3418 | D:5      | Entered Level 5 of the Dungeon
  3418 | D:5      | Noticed a water moccasin
  3427 | D:5      | Killed a water moccasin
  3428 | D:5      | Reached skill level 6 in Hexes
  3428 | D:5      | Reached XP level 7. HP: 33/40 MP: 9/16
  3545 | D:5      | Reached skill level 6 in Stealth
  3579 | D:5      | Reached skill level 3 in Fighting
  3633 | D:5      | Reached skill level 4 in Short Blades
  3648 | D:5      | Reached skill level 6 in Spellcasting
  3760 | D:5      | Found a snail-covered altar of Cheibriados.
  3775 | D:5      | Noticed Pikel
  3796 | D:5      | Killed Pikel
  3797 | D:5      | Reached skill level 7 in Stealth
  3797 | D:5      | Reached skill level 7 in Hexes
  3797 | D:5      | Reached XP level 8. HP: 42/47 MP: 13/19
  3888 | D:5      | Found a runed translucent gate.
  3888 | D:5      | Found a runed translucent gate.
  3888 | D:5      | Found a runed translucent gate.
  3889 | D:5      | Noticed kaesh's ghost (amateur HOBe)
  3892 | D:5      | Reached skill level 7 in Spellcasting
  4277 | D:5      | Reached skill level 5 in Short Blades
  4289 | D:6      | Reached skill level 4 in Fighting
  4453 | D:6      | Reached XP level 9. HP: 21/52 MP: 12/22
  4658 | D:6      | Reached skill level 8 in Hexes
  4665 | D:6      | Reached skill level 8 in Stealth
  5118 | D:6      | Reached skill level 8 in Spellcasting
  5416 | D:7      | Found a hazy altar of Hepliaklqana.
  5463 | D:7      | Reached skill level 6 in Short Blades
  5524 | D:7      | Reached skill level 1 in Evocations
  5823 | D:7      | Reached skill level 1 in Throwing
  5899 | D:7      | Found a sparkling altar of Nemelex Xobeh.
  5903 | D:7      | Reached skill level 3 in Dodging
  5938 | D:7      | Reached skill level 9 in Hexes
  5959 | D:7      | Found a staircase to the Ecumenical Temple.
  5993 | Temple   | Entered the Ecumenical Temple
  6002 | Temple   | Became a worshipper of Dithmenos the Shadowed
  6245 | D:8      | Noticed Psyche
  6263 | D:8      | Killed Psyche
  6264 | D:8      | Reached skill level 5 in Fighting
  6331 | D:8      | Reached XP level 10. HP: 59/59 MP: 7/24
  6427 | D:8      | Reached skill level 9 in Stealth
  6427 | D:8      | Reached skill level 2 in Evocations
  6507 | D:8      | Reached skill level 2 in Throwing
  6771 | D:8      | Found a radiant altar of Vehumet.
  6873 | D:8      | Reached skill level 4 in Dodging
  6921 | D:8      | Reached * piety under Dithmenos
  7245 | D:9      | Noticed Harold
  7271 | D:9      | Noticed a two-headed ogre
  7283 | D:9      | Killed a two-headed ogre
  7284 | D:9      | Reached skill level 9 in Spellcasting
  7287 | D:9      | Reached skill level 3 in Evocations
  7347 | D:9      | Reached skill level 3 in Throwing
  7529 | D:9      | Found a flagged portal.
  7638 | D:9      | Reached skill level 7 in Short Blades
  7638 | D:9      | Reached skill level 5 in Dodging
  7666 | D:9      | Reached skill level 10 in Hexes
  7666 | D:9      | Reached XP level 11. HP: 46/64 MP: 22/26
  7745 | Bailey   | Entered a bailey
  7843 | Bailey   | Reached skill level 4 in Evocations
  8054 | Bailey   | Reached ** piety under Dithmenos
  8100 | Bailey   | Reached skill level 10 in Stealth
  8328 | Bailey   | Reached skill level 4 in Throwing
  8344 | Bailey   | Noticed Grum
  8366 | Bailey   | Killed Grum
  8789 | D:9      | You fall into a shaft and drop 1 floor!
  8789 | D:10     | Entered Level 10 of the Dungeon
  8978 | D:9      | Noticed Maurice
  8983 | D:9      | Reached skill level 6 in Fighting
  8986 | D:9      | Killed Maurice
  9129 | D:9      | Killed Harold
  9130 | D:9      | Reached skill level 10 in Spellcasting
  9281 | D:9      | Found a white marble altar of Elyvilon.
  9482 | D:1      | Bought the ring "Woug" {Fly rElec rF+ rC+ Stlth+} for 661
                  | gold pieces
  9773 | D:10     | Found Tudiez's Distillery.
  9816 | D:10     | Reached skill level 6 in Dodging
  9972 | D:10     | Found a shimmering blue altar of Sif Muna.
 10041 | D:10     | Bought a potion of curing for 45 gold pieces
 10041 | D:10     | Bought a potion of haste for 150 gold pieces
 10041 | D:10     | Bought a potion of ambrosia for 120 gold pieces
 10104 | D:10     | Noticed a two-headed ogre
 10152 | D:10     | Reached *** piety under Dithmenos
 10187 | D:10     | Killed a two-headed ogre
 10209 | D:10     | Found a staircase to the Orcish Mines.
 10244 | D:10     | Reached skill level 5 in Evocations
 10260 | D:10     | HP: 1/65 [orc priest/divine providence (15)]
 10564 | D:10     | Found the +5 scythe "Finisher" {speed, execute}
 10590 | D:10     | Noticed a skeletal warrior
 10591 | D:10     | Killed a skeletal warrior
 10733 | D:10     | Learned a level 4 spell: Dispel Undead
 10805 | D:11     | Reached skill level 5 in Throwing
 10834 | D:11     | Found a sacrificial altar of Ru.
 10922 | D:10     | Bought a potion of lignification for 45 gold pieces
 11089 | D:11     | Reached skill level 1 in Necromancy
 11089 | D:11     | Reached XP level 12. HP: 49/71 MP: 18/28
 11112 | D:11     | Reached **** piety under Dithmenos
 11146 | D:11     | Noticed a two-headed ogre
 11160 | D:11     | Reached skill level 8 in Short Blades
 11160 | D:11     | Reached skill level 11 in Hexes
 11260 | D:11     | Reached skill level 7 in Dodging
 11307 | D:11     | Found a staircase to the Lair.
 11367 | D:11     | Killed a two-headed ogre
 11368 | D:11     | Reached skill level 11 in Stealth
 11658 | Lair:1   | Entered Level 1 of the Lair of Beasts
 11735 | Lair:1   | Reached skill level 2 in Necromancy
 11792 | Lair:1   | You are sucked into a shaft and drop 1 floor!
 11941 | Lair:1   | Learned a level 2 spell: Passwall
 12020 | Lair:1   | Reached skill level 11 in Spellcasting
 12509 | Lair:1   | Reached skill level 1 in Earth Magic
 12719 | Lair:2   | Reached skill level 1 in Transmutations
 12726 | Lair:2   | Found a runed translucent gate.
 12729 | Lair:2   | Reached skill level 3 in Necromancy
 12865 | Lair:2   | Reached skill level 7 in Fighting
 12913 | Lair:2   | Reached skill level 2 in Earth Magic
 13165 | Lair:2   | Reached skill level 2 in Transmutations
 13398 | Lair:2   | Found a runed translucent gate.
 13398 | Lair:2   | Found a runed translucent gate.
 13399 | Lair:2   | Noticed Shym's ghost (journeyman DjCj)
 13683 | Lair:3   | Found a staircase to the Snake Pit.
 13818 | Lair:3   | Identified a scroll of acquirement
 13829 | Lair:3   | Reached skill level 4 in Necromancy
 13918 | Lair:3   | Reached skill level 8 in Dodging
 13940 | Lair:3   | Found a staircase to the Shoals.
 14047 | Lair:3   | Learned a level 2 spell: Sublimation of Blood
 14213 | Lair:3   | Reached XP level 13. HP: 74/76 MP: 25/30
 14416 | Lair:4   | Reached skill level 3 in Earth Magic
 14419 | Lair:4   | Reached skill level 3 in Transmutations
 14612 | Lair:3   | Reached ***** piety under Dithmenos
 14747 | Lair:3   | Reached skill level 12 in Hexes
 14880 | Lair:4   | Acquired 938 gold pieces
 15591 | Lair:4   | Reached skill level 9 in Short Blades
 15945 | Lair:5   | Entered Level 5 of the Lair of Beasts
 16035 | Lair:5   | Reached skill level 12 in Stealth
 16044 | Lair:5   | Reached skill level 5 in Necromancy
 16058 | Lair:5   | Reached skill level 4 in Transmutations
 16058 | Lair:5   | Reached skill level 4 in Earth Magic
 16074 | Lair:5   | Reached skill level 12 in Spellcasting
 16098 | Lair:5   | Found a hide-covered altar of Uskayaw.
 16188 | Lair:5   | Found a frozen archway.
 16206 | IceCv    | Entered an ice cave
 16709 | IceCv    | Noticed a reaper
 16849 | IceCv    | Reached skill level 9 in Dodging
 16934 | IceCv    | Killed a reaper
 17035 | Lair:5   | Found a viscous altar of Jiyva.
 17035 | Lair:5   | Found a staircase to the Slime Pits.
 17228 | Lair:5   | Reached skill level 6 in Necromancy
 17468 | Lair:5   | Reached skill level 5 in Earth Magic
 17468 | Lair:5   | Reached XP level 14. HP: 82/83 MP: 32/32
 17472 | Lair:5   | Reached skill level 8 in Fighting
 17472 | Lair:5   | Reached skill level 5 in Transmutations
 17507 | Lair:5   | Reached ****** piety under Dithmenos
 18357 | Lair:5   | Reached skill level 13 in Hexes
 18502 | Lair:5   | Reached skill level 13 in Stealth
 18686 | Orc:1    | Entered Level 1 of the Orcish Mines
 18875 | Orc:1    | Reached skill level 7 in Necromancy
 18976 | Orc:1    | Reached skill level 10 in Short Blades
 18976 | Orc:1    | Reached skill level 13 in Spellcasting
 19165 | Orc:2    | Entered Level 2 of the Orcish Mines
 19232 | Orc:2    | Found a gate leading to a gauntlet.
 19338 | Gauntlet | Entered a Gauntlet
 19338 | Gauntlet | Found a transporter.
 19338 | Gauntlet | Found a runed translucent door.
 19339 | Gauntlet | Found a runed translucent door.
 19349 | Gauntlet | Found a transporter.
 19353 | Gauntlet | Found a transporter.
 19354 | Gauntlet | Found a transporter.
 19362 | Gauntlet | Found a transporter.
 19365 | Gauntlet | Found a transporter.
 19366 | Gauntlet | Found a transporter.
 19370 | Gauntlet | Found a runed translucent door.
 19372 | Gauntlet | Found a runed translucent door.
 19374 | Gauntlet | Found a transporter.
 19377 | Gauntlet | Found a transporter.
 19378 | Gauntlet | Found a transporter.
 19386 | Gauntlet | Found a transporter.
 19389 | Gauntlet | Found a transporter.
 19390 | Gauntlet | Found a transporter.
 19401 | Gauntlet | Found a transporter.
 19635 | Gauntlet | Reached skill level 10 in Dodging
 19700 | Gauntlet | Identified the +0 hat of Prudence {rElec}
 19728 | Gauntlet | Identified the +2 helmet of Protective Custody {rElec rC-
                  | Str+2}
 19766 | Gauntlet | Paralysed by a great orb of eyes for 4 turns
 19891 | Gauntlet | Identified the ring "Adghucvon" {Str+4 Dex+6}
 19974 | Gauntlet | Reached skill level 1 in Invocations
 19974 | Gauntlet | Reached skill level 6 in Evocations
 20114 | Orc:2    | Found a staircase to the Elven Halls.
 20142 | Orc:2    | Paralysed by an orc sorcerer for 2 turns
 20774 | Orc:2    | Found Raishank's Armour Boutique.
 21307 | Orc:2    | Reached skill level 2 in Invocations
 21369 | Orc:2    | Found Itoad's Book Emporium.
 21369 | Orc:2    | Found Xaesk's Jewellery Shop.
 21371 | Orc:2    | Found Zysots's Assorted Antiques.
 21371 | Orc:2    | Found Xerhetas's Distillery.
 21383 | Orc:2    | Bought a scroll labelled YZOHEI IDEH for 21 gold pieces
 21383 | Orc:2    | Bought a scroll of butterflies for 84 gold pieces
 21383 | Orc:2    | Bought a potion of heal wounds for 105 gold pieces
 21700 | D:12     | Reached skill level 6 in Throwing
 21752 | D:12     | Found a broken altar of Ashenzari.
 22056 | D:12     | Reached XP level 15. HP: 89/89 MP: 34/34
 22515 | D:13     | Noticed Lodul
 22547 | D:13     | Identified the +4 war axe of Jankaikio {elec, Str+6}
 22790 | D:13     | Reached skill level 8 in Necromancy
 22957 | D:12     | Reached skill level 3 in Invocations
 23234 | D:13     | Found a gate to the Vaults.
 23543 | D:14     | Reached skill level 1 in Shields
 23586 | D:14     | Reached skill level 7 in Evocations
 23644 | D:14     | Reached skill level 14 in Hexes
 23916 | D:14     | Found Ostrocs's Jewellery Shoppe.
 24202 | D:14     | Reached skill level 9 in Fighting
 24465 | D:15     | Entered Level 15 of the Dungeon
 24648 | D:15     | Found an ancient bone altar of Kikubaaqudgha.
 24800 | D:15     | Noticed Kaepny's ghost (journeyman SpBr)
 24843 | D:15     | Reached skill level 11 in Dodging
 24952 | D:15     | Reached skill level 14 in Stealth
 24952 | D:15     | Reached skill level 4 in Invocations
 24977 | D:15     | Found a runed translucent door.
 24985 | D:15     | Found a runed translucent door.
 24987 | D:15     | Noticed a lich
 25001 | D:15     | Reached skill level 2 in Shields
 25070 | D:15     | Found a staircase to the Depths.
 25320 | D:15     | Reached skill level 14 in Spellcasting
 25343 | D:15     | Reached skill level 7 in Throwing
 25581 | D:15     | Noticed an acid blob
 25581 | D:15     | an acid blob changed into a shadow dragon
 25581 | D:15     | Noticed a shadow dragon (glowing shapeshifter)
 25587 | D:15     | a shadow dragon changed into a fire giant
 25587 | D:15     | Noticed a fire giant (glowing shapeshifter)
 25727 | Shoals:1 | Entered Level 1 of the Shoals
 25801 | Shoals:1 | HP: 3/90 [harpy (6)]
 25802 | Shoals:1 | Mangled by a harpy

Illustrated notes

Levels and vault maps discovered:
D:1:      wander_arrival_chamber, layout_basic, serial_shops,
          nicolae_shop_real_fake_doors, minmay_crystal_room
D:2:      layout_loops_cross, kennysheep_decorative_pillar, uniq_natasha,
          uniq_jessica
D:3:      layout_basic, nicolae_overflow_crystal_walls, uniq_sigmund
D:4:      layout_cave_pods, uniq_robin
D:5:      layout_rooms, mainiacjoe_overflow_six_doors_small, serial_rivers,
          chequers_serial_rivers_micro_b, chequers_serial_rivers_small_b,
          chequers_serial_rivers_large_a, chequers_serial_rivers_micro_e,
          gammafunk_ghost_nasty_kobolds, uniq_pikel
D:6:      layout_cave_pools
D:7:      layout_basic, marbit_many_paths, nicolae_hepliaklqana_hazy_memory,
          minmay_temple_entry_enclosed_plants
D:8:      layout_loops_corners, mainiacjoe_overflow_surrounded_room, uniq_psyche
D:9:      cheibrodos_grave_circle, layout_loops_corners, kennysheep_mini,
          enter_bailey_8, uniq_harold, uniq_maurice
D:10:     layout_rooms, mainiacjoe_overflow_tiny_flanked, erik_orc_1,
          serial_shops, nicolae_diamond_shop, minmay_guarded_unrand_finisher
D:11:     layout_roguey, lair_entry_dummy, nicolae_ru_awakened_eye
D:12:     layout_gridville, moated_statue, nicolae_ashenzari_skybound
D:13:     layout_roguey, erik_vaults_2, uniq_lodul
D:14:     layout_roguey, serial_shops, nicolae_stop_n_shop_2,
          grunt_decor_mini_mirrors, drop_trap
D:15:     hangedman_depths_entry_civil_slaughter, layout_long_grid,
          muffindrake_ghost_dual_entry, kiku_gazebo_garden_becter
Temple:   nicolae_temple_no_exploring_needed
Lair:1:   layout_gridlike, wad_woods_03
Lair:2:   layout_cellular_growth, gammafunk_ghost_necromancy
Lair:3:   layout_misc_corridors, minmay_shoals_entry_centaurs,
          guppyfry_snake_entry_garden, disabler_island
Lair:4:   layout_layer_cave, grunt_megastairs_1
Lair:5:   grunt_lair_end_beastmaster, layout_loops_ring,
          nicolae_slime_entry_field_trip, portal_ice_cave_rime,
          lemuel_oklob_altar
Shoals:1: layout_shoals, nicolae_shoals_undead_eyrie
Orc:1:    nicolae_orc_accident_2, layout_caves, nicolae_orc_sculptors_studio,
          uniq_nergalle
Orc:2:    grunt_orc_tribal_feast, layout_diamond_mine, basic_altar,
          gauntlet_entry_generic, serial_shops, nicolae_shop_advertising_works
          [nicolae_subvault_shop_adworks]

Skill      XL: |  1  2  3  4  5  6  7  8  9 10 11 12 13 14 15 |
---------------+----------------------------------------------+-----
Stealth        | 4 5 7 8 9 10 11 12 13 14 | 14.1
Fighting       | 1 2 3 4 5 6 7 8 9 |  9.2
Short Blades   | 2 3 4 5 6 7 8 9 10 | 10.9
Spellcasting   | 4 5 6 7 8 9 10 11 12 13 14 | 14.0
Hexes          | 5 6 7 9 10 11 12 13 14 | 14.3
Evocations     | 1 3 5 6 7 |  7.6
Throwing       | 1 3 5 6 7 |  7.0
Dodging        | 3 5 6 8 9 10 11 | 11.2
Necromancy     | 1 4 6 7 8 |  8.9
Earth Magic    | 2 5 |  5.0
Transmutations | 2 4 5 |  5.0
Invocations    | 2 4 |  4.4
Shields        | 2 |  2.3

Action                     |  1- 3 |  4- 6 |  7- 9 | 10-12 | 13-15 || total
---------------------------+-------+-------+-------+-------+-------++-------
  Melee: Dagger            |    84 |   140 |   160 |   599 |   724 ||  1707
         Punch             |       |       |     3 |    15 |    11 ||    29
         Short sword       |       |       |       |       |   133 ||   133
         Demon blade       |       |       |       |       |     2 ||     2
  Throw: Dart              |       |       |       |       |    68 ||    68
         Throwing net      |       |       |       |       |     3 ||     3
   Cast: Ensorcelled Hiber |    21 |    47 |    58 |   197 |   320 ||   643
         Tukima's Dance    |       |     1 |    13 |    28 |     4 ||    46
         Confusing Touch   |       |     4 |    14 |    19 |    16 ||    53
         Dazzling Flash    |       |       |       |     1 |    40 ||    41
         Dispel Undead     |       |       |       |       |    11 ||    11
         Passwall          |       |       |       |       |    26 ||    26
  Evoke: Wand              |       |       |     1 |       |     5 ||     6
         Lightning rod     |       |       |       |       |     4 ||     4
    Use: Scroll            |       |       |     5 |     4 |    12 ||    21
         Potion            |       |       |       |     2 |       ||     2
   Stab: Sleeping          |    24 |    43 |    43 |   156 |   281 ||   547
         Confused          |       |     1 |    15 |    26 |    18 ||    60
         Invisible         |       |       |       |     7 |    28 ||    35
         Distracted        |       |       |       |       |     2 ||     2
         Held in net/web   |       |       |       |       |     5 ||     5
         Petrified         |       |       |       |       |     2 ||     2
         Petrifying        |       |       |       |       |     1 ||     1
         Paralysed         |       |       |       |       |     3 ||     3
 Armour: Robe              |    19 |    33 |    40 |    82 |   124 ||   298
  Dodge: Dodged            |    55 |    91 |   102 |   505 |   639 ||  1392
  Block: Kite shield       |       |       |       |       |    82 ||    82

Table legend: (Time is in decaauts)
 A = Elapsed time spent in this place.
 B = Non-inter-level travel time spent in this place.
 C = Inter-level travel time spent in this place.
 D = Time resting spent in this place.
 E = Time spent auto-exploring this place.
 F = Levels seen in this place.
 G = Mean time per level.
                   A        B        C        D        E       F      G
               +--------+--------+--------+--------+--------+-----+--------+
         Total |  25193 |  23236 |   1957 |   2793 |  12735 |  27 |  933.1 |
       Dungeon |  14831 |  13332 |   1499 |   1610 |   8243 |  15 |  988.7 |
        Temple |     16 |      9 |      7 |      0 |      0 |   1 |   16.0 |
          Lair |   5987 |   5609 |    378 |    415 |   3367 |   5 | 1197.4 |
        Shoals |     73 |     73 |      0 |      0 |     19 |   1 |   73.0 |
  Orcish Mines |   1915 |   1844 |     71 |     74 |    878 |   2 |  957.5 |
        Bailey |    868 |    868 |      0 |    243 |    155 |   1 |  868.0 |
      Ice Cave |    780 |    780 |      0 |    218 |     23 |   1 |  780.0 |
      Gauntlet |    720 |    720 |      0 |    233 |     50 |   1 |  720.0 |
               +--------+--------+--------+--------+--------+-----+--------+

Top non-repeatable levels by time:
  Lair:5: 1644 daAuts
  Lair:4: 1383 daAuts
   Orc:2: 1327 daAuts
    D:10: 1310 daAuts
     D:9: 1177 daAuts
    D:15: 1091 daAuts
    D:12: 1069 daAuts
     D:4: 1032 daAuts
     D:8: 1031 daAuts
  Lair:3: 1008 daAuts
    D:14: 998 daAuts
     D:6: 998 daAuts
  Lair:2: 991 daAuts
  Lair:1: 959 daAuts
     D:7: 932 daAuts
